 Dungeon Crawl Stone Soup version 0.20-a0-553-g9f38e11 (webtiles) character file.

109 drasked the Magician (level 4, 30/30 HPs)
             Began as a Mummy Summoner on Feb 3, 2017.
             Quit the game on level 3 of the Dungeon.
             The game lasted 00:16:32 (5127 turns).

drasked the Magician (Mummy Summoner)               Turns: 5127, Time: 00:16:33

Health: 30/30      AC:  3    Str: 11    XL:     4   Next: 59%
Magic:  7/10       EV: 12    Int: 15    God:
Gold:   180        SH:  0    Dex: 12    Spells: 6/12 levels left

rFire    x . .     SeeInvis .   d - staff of earth
rCold    + . .     Gourm    .   a - +0 robe
rNeg     + + +     Faith    .   (no shield)
rPois    ∞         Spirit   .   (no helmet)
rElec    .         Reflect  .   g - +0 cloak
rCorr    .         Harm     .   (no gloves)
MR       .....                  (no boots)
Stlth    ++........             (no amulet)
Regen    0.1/turn               (no ring)
                                (no ring)

@: no status effects
A: no food or potions, fire vulnerability, cold resistance 1, negative energy
resistance 3, torment resistance, unbreathing
a: no special abilities


You were on level 3 of the Dungeon.
You were not hungry.

You visited 1 branch of the dungeon, and saw 3 of its levels.

You collected 180 gold pieces.

Inventory:

Armour
 a - a +0 robe (worn)
 g - a +0 cloak (worn)
   (You found it on level 3 of the Dungeon)
Magical Staves
 d - an uncursed staff of earth (weapon)
   (You found it on level 2 of the Dungeon)
Wands
 h - a wand of flame (21/48)
   (You found it on level 3 of the Dungeon)
Scrolls
 c - 3 scrolls of identify {unknown}
 e - a scroll of magic mapping {unknown}
 f - a scroll of teleportation {unknown}
Books
 b - a book of Callings


   Skills:
 - Level 1.6 Dodging
 - Level 1.7 Stealth
 + Level 4.5 Spellcasting
 + Level 4.2 Summonings


You had 6 spell levels left.
You knew the following spells:

 Your Spells              Type           Power        Failure   Level  Hunger
a - Summon Small Mammal   Summ           ###.         3%          1    N/A
b - Call Canine Familiar  Summ           ###.....     12%         3    N/A
c - Call Imp              Summ           ###.....     6%          2    N/A

Dungeon Overview and Level Annotations

Branches:
Dungeon (3/15)

Altars:
Makhleb


Innate Abilities, Weirdness & Mutations

You do not eat or drink.
Your flesh is vulnerable to fire.
You are immune to poison.
Your flesh is cold resistant. (rC+)
You are immune to negative energy. (rN+++)
You are immune to unholy pain and torment.
You can survive without breathing.


Message History

Your hound bites the ice beast.
Your hound barely misses the ice beast.
The ice beast hits your hound. The ice beast freezes your hound!
Your hound dies!
Your hound's corpse disappears in a puff of smoke!
You don't have enough magic to cast that spell.
You don't have enough magic to cast that spell.
You don't have enough magic to cast that spell.
You don't have enough magic to cast that spell.
You now have 0/10 mp.
Your hound bites the ice beast.
Your hound closely misses the ice beast.
The ice beast hits your hound. The ice beast freezes your hound!
Your hound dies!
Your hound's corpse disappears in a puff of smoke!
Your magical contamination has completely faded away.
You don't have enough magic to cast that spell.
You don't have enough magic to cast that spell.
You miscast Call Imp.
You are very lightly contaminated with residual magic.
Shadowy shapes form in the air around you, then vanish.
You now have 1/10 mp.
A beastly little devil appears in a puff of flame.
You now have 1/10 mp.
The ice beast hits your crimson imp. The ice beast freezes your crimson imp!
Your crimson imp is frozen!
Your crimson imp dies!
Unknown command.
Your magical contamination has completely faded away.
A beastly little devil appears in a puff of frigid air.
You now have 1/10 mp.
The ice beast hits your white imp. The ice beast freezes your white imp.
Your white imp resists.
Your white imp misses the ice beast.
The ice beast hits your white imp. The ice beast freezes your white imp.
Your white imp resists.
Your white imp barely misses the ice beast.
The ice beast hits your white imp but does no damage.
Your white imp closely misses the ice beast.
The ice beast hits your white imp. The ice beast freezes your white imp.
Your white imp resists.
Your white imp dies!
A beastly little devil appears in a puff of flame.
You now have 1/10 mp.
You swap places.
The ice beast barely misses your crimson imp.
Your crimson imp hits the ice beast but does no damage.
The ice beast hits your crimson imp.
The ice beast freezes your crimson imp!!
Your crimson imp is frozen!
Your crimson imp dies!
You now have 0/10 mp.
You swap places.
Your hound barely misses the ice beast.
The ice beast closely misses your hound.
Your hound barely misses the ice beast.
Your hound bites the ice beast but does no damage.
The ice beast hits your hound. The ice beast freezes your hound!
Your hound barely misses the ice beast.
The ice beast hits your hound.
Your hound dies!
Your hound's corpse disappears in a puff of smoke!
An adder comes into view.
The adder moves out of view.
A beastly little devil appears in a puff of flame.
You now have 3/10 mp.
A beastly little devil appears in a puff of flame.
You now have 2/10 mp.
A beastly little devil appears in a puff of flame.
You now have 0/10 mp.
Your crimson imp blinks!
You start resting.
Your crimson imp disappears in a puff of smoke! x2
Your crimson imp blinks!
A hobgoblin comes into view. It is wielding a club.
You regained 8 mp, and now have 8/10 mp.
The hobgoblin shouts!
You now have 5/10 mp.
The hobgoblin misses your hound. The hobgoblin misses your hound.
The hobgoblin hits your hound with a club.
Your hound bites the hobgoblin.
The hobgoblin dies!
Take off which item? (? for menu, Esc to quit)
Okay, then.
What are your orders? t - Shout!
Orders for allies: a - Attack new target. r - Retreat! s - Stop attacking. g - Guard the area. f - Follow me.
Anything else - Cancel.
Okay, then.
You don't know that spell.
There isn't anything here!
Unknown command.
That item cannot be evoked!
Unknown command.
Unknown command.
Okay, then.
You can't drink.
You can't drink.

#....#.♣♣≈≈≈≈≈≈≈≈≈≈≈♣≈...#
#.#.##.P♣≈≈≈≈≈≈≈≈≈≈≈≈#.#.#
#.#.##..♣≈P≈≈≈≈≈≈≈≈♣≈.(#.#
#.#<##..P≈≈≈P≈≈≈♣≈♣♣≈..#.#
#.#.##..≈♣≈♣P≈≈P≈≈≈≈≈....#
#.#.....≈♣P≈P≈≈≈≈≈♣♣#....#
#.####...P♣≈♣≈≈≈≈≈≈♣.....#
#.# #....≈≈≈≈≈≈≈≈♣###....
#.# #.##@P♣≈hPP≈≈.#####.#
#.# #.##h5♣≈P≈≈≈≈........
#.# #.###).♣♣≈≈≈..######.
#%# #.# #...≈♣≈#.........
#.# #.# #.#.........###..
#.# #Y# #.#.##.##.### #.#
#.# #.# #.#.##.##.# #.#
#.# #.# #.#.##.##.# #.#
#.# #.# #.#.#..##.# #.#


You could see a friendly hound and a friendly crimson imp.

Vanquished Creatures
  A rat (D:3)
1 creature vanquished.

Vanquished Creatures (collateral kills)
  A hound (D:2)
  6 adders
  2 oozes
  2 worms (D:2)
  A dart slug (D:1)
  5 leopard geckos
  2 orcs (D:3)
  8 bats
  5 giant cockroaches
  11 goblins
  6 hobgoblins
  3 jackals (D:3)
  A quokka (D:3)
  9 frilled lizards
  9 kobolds
  9 rats
80 creatures vanquished.

Grand Total: 81 creatures vanquished

Notes
Turn   | Place    | Note
-------+----------+-------------------------------------------
     0 | D:1      | drasked the Mummy Summoner began the quest for the Orb.
     0 | D:1      | Reached XP level 1. HP: 13/13 MP: 4/4
   391 | D:1      | Reached skill level 3 in Spellcasting
   442 | D:1      | Reached XP level 2. HP: 19/19 MP: 1/6
   446 | D:1      | Learned a level 2 spell: Call Imp
  1875 | D:1      | Reached XP level 3. HP: 20/24 MP: 0/8
  1880 | D:1      | Learned a level 3 spell: Call Canine Familiar
  2308 | D:2      | Found a burning altar of Makhleb.
  2739 | D:2      | Reached skill level 4 in Spellcasting
  3218 | D:3      | Reached XP level 4. HP: 30/30 MP: 10/10
  3222 | D:3      | Reached skill level 4 in Summonings
  4857 | D:3      | Noticed an ice beast
  5127 | D:3      | Quit the game

Vault maps used:
D:1:      dpeg_arrival_three_same_balls, hangedman_abyss_or_decor_stabs,
          corexii_hall_statues_i
D:2:      first_bread, minivault_11, makhleb_blood_cavern_becter
D:3:      serial_bayou, serial_bayou_ford_a, serial_bayou_pond_d,
          serial_bayou_lake_a, serial_bayou_pond_c, st_stairs_5,
          kennysheep_another_room

Skill      XL: |  1  2  3  4 |
---------------+-------------+-----
Spellcasting   | 3 4 |  4.5
Summonings     | 4 |  4.2
Dodging        | |  1.6
Stealth        | |  1.7

Action                   |  1- 3 |  4- 6 || total
-------------------------+-------+-------++-------
Melee: Unarmed           |     4 |       ||     4
       Staff             |       |    11 ||    11
 Cast: Summon Small Mamm |    21 |     2 ||    23
       Call Imp          |    37 |    27 ||    64
       Call Canine Famil |    17 |    22 ||    39
Armor: Robe              |     5 |    11 ||    16
Dodge: Dodged            |    33 |    22 ||    55

Vault maps used:
D:1:      dpeg_arrival_three_same_balls, hangedman_abyss_or_decor_stabs,
          corexii_hall_statues_i
D:2:      first_bread, minivault_11, makhleb_blood_cavern_becter
D:3:      serial_bayou, serial_bayou_ford_a, serial_bayou_pond_d,
          serial_bayou_lake_a, serial_bayou_pond_c, st_stairs_5,
          kennysheep_another_room

Table legend:
 A = Turns spent in this place as a percentage of turns spent in the entire game.
 B = Non-inter-level travel turns spent in this place as a percentage of non-inter-level travel turns spent in the entire game.
 C = Inter-level travel turns spent in this place as a percentage of turns spent in this place.
 D = Turns resting spent in this place as a percentage of non-inter-level travel turns spent in this place.
 E = Turns spent auto-exploring this place as a percentage of non-inter-level travel turns spent in this place.
 F = Non-inter-level travel turns spent in this place divided by the number of levels of this place that you've seen.
                   A       B       C       D       E      F
               +-------+-------+-------+-------+-------+----------------------
         Total | 100.0 | 100.0 |   0.3 |   8.2 |   5.8 | 511.7
       Dungeon | 100.0 | 100.0 |   0.3 |   8.2 |   5.8 | 511.7
               +-------+-------+-------+-------+-------+----------------------

Table legend:
 A = Kills in this place as a percentage of kills in entire the game.
 B = Kills by you in this place as a percentage of kills by you in the entire game.
 C = Kills by friends in this place as a percentage of kills by friends in the entire game.
 D = Other kills in this place as a percentage of other kills in the entire game.
 E = Experience gained in this place as a percentage of experience gained in the entire game.
 F = Experience gained in this place divided by the number of levels of this place that you have seen.
                   A       B       C       D       E      F
               +-------+-------+-------+-------+-------+----------------------
         Total | 100.0 | 100.0 | 100.0 |  -nan | 100.0 |  52.0
       Dungeon | 100.0 | 100.0 | 100.0 |  -nan | 100.0 |  52.0
               +-------+-------+-------+-------+-------+----------------------
